 Dungeon Crawl Stone Soup version 0.25.1-2-g60ff931df9 (webtiles) character file.

Game seed: 16344214839675534405

6160 growler the Zephyrmancer (level 10, -22/66 HPs)
             Began as a Tengu Air Elementalist on Oct 27, 2020.
             Was a Priest of Ashenzari.
             Annihilated by a white ugly thing (34 damage)
             ... on level 10 of the Dungeon.
             The game lasted 00:33:46 (12414 turns).

growler the Zephyrmancer (Tengu Air Elementalist)  Turns: 12414, Time: 00:33:47

Health: -22/66     AC:  4    Str:  8    XL:     10   Next: 90%
Magic:  22/22      EV: 12    Int: 19    God:    Ashenzari [***...]
Gold:   599        SH:  9    Dex: 15    Spells: 8/23 levels left

rFire    . . .     SeeInvis +   B - +0 dagger (curse)
rCold    . . .     Gourm    .   s - +0 kite shield (curse)
rNeg     . . .     Faith    +   C - +0 leather armour (curse)
rPois    .         Spirit   .   (helmet restricted)
rElec    .         Reflect  .   w - +0 cloak
rCorr    .         Harm     .   (no gloves)
MR       +....                  (boots unavailable)
Stlth    ++........             v - amulet of faith (curse) {!P}
HPRegen  0.21/turn              l - ring of protection from magic (curse)
MPRegen  0.18/turn              J - ring of wizardry (curse)

@: flying quickly and evasively, quick
A: beak, talons 3, able to fly
a: Stop Flying, Curse Item, Scrying, Renounce Religion


You were on level 10 of the Dungeon.
You worshipped Ashenzari.
Ashenzari was most pleased with you.
You were near starving.

You visited 1 branch of the dungeon, and saw 11 of its levels.

You collected 599 gold pieces.

Inventory:

Hand Weapons
 g - a +1 dagger of protection
   (You took it off a goblin on level 1 of the Dungeon)
 B - a cursed +0 dagger (weapon)
   (You took it off an orc wizard on level 4 of the Dungeon)
 I - the +10 rapier "Titoax" {vorpal, +Blink Str+3 Dex-3 Stlth+}
   (You found it on level 7 of the Dungeon)

   It inflicts extra damage upon your enemies.
   It affects your strength (+3).
   It affects your dexterity (-3).
   It lets you blink.
   It makes you more stealthy.
Missiles
 q - a throwing net (quivered) {!f}
Armour
 a - a +0 robe
 s - a cursed +0 kite shield (worn)
   (You found it on level 3 of the Dungeon)
 w - a +0 cloak (worn)
   (You found it on level 4 of the Dungeon)
 C - a cursed +0 leather armour (worn)
   (You took it off an orc on level 4 of the Dungeon)
Jewellery
 l - a cursed ring of protection from magic (left hand)
   (You found it on level 7 of the Dungeon)
 n - an uncursed amulet of reflection
   (You found it on level 8 of the Dungeon)
 v - a cursed amulet of faith (around neck) {!P}
   (You took it off an orc on level 4 of the Dungeon)
 y - an uncursed ring of poison resistance
   (You found it on level 8 of the Dungeon)
 F - an uncursed ring of positive energy
   (You found it on level 6 of the Dungeon)
 J - a cursed ring of wizardry (right hand)
   (You found it on level 7 of the Dungeon)
Wands
 u - a wand of enslavement (12)
   (You found it on level 4 of the Dungeon)
 x - a wand of acid (6)
   (You found it on level 3 of the Dungeon)
 M - a wand of clouds (4)
   (You found it on level 9 of the Dungeon)
Scrolls
 c - 5 scrolls of teleportation {@r4}
 d - 3 scrolls of fog {unknown}
 j - 2 scrolls of magic mapping
 k - a scroll of noise {unknown}
 m - a scroll of enchant weapon
 o - a scroll of remove curse {@r2}
 p - a scroll of blinking {unknown}
 A - a scroll of random uselessness {unknown}
 G - a scroll of immolation {unknown}
 H - a scroll of torment {unknown}
 K - a scroll of enchant armour {unknown}
 O - a scroll of identify {@r1}
 P - a scroll of acquirement {unknown}
Potions
 b - 3 potions of mutation {unknown}
 f - a potion of heal wounds {@q2}
 h - 8 potions of curing {unknown}
 i - 5 potions of lignification {unknown}
 r - 2 potions of berserk rage
 t - 2 potions of stabbing
 z - 2 potions of flight
 D - 2 potions of haste {@q3}
 E - a potion of might
 N - a potion of resistance
Miscellaneous
 L - a phantom mirror
Comestibles
 e - 16 rations {!d}


   Skills:
 + Level 9.1 Fighting
 - Level 2.1 Dodging
 - Level 2.0 Stealth
 - Level 3.0(4.6) Shields
 + Level 7.3 Spellcasting
 - Level 7.0(10.0) Conjurations
 - Level 12.0(14.5) Air Magic


You had 8 spell levels left.
You knew the following spells:

 Your Spells              Type           Power        Failure   Level  Hunger
a - Shock                 Conj/Air       ####         1%          1    None
b - Airstrike             Air            ######....   1%          4    ###....
c - Lightning Bolt        Conj/Air       ######....   4%          5    #####..
d - Static Discharge      Conj/Air       ######..     1%          3    #......
s - Swiftness             Chrm/Air       #####...     1%          2    None

Your spell library contained the following spells:

 Spells                   Type           Power        Failure   Level  Hunger


Dungeon Overview and Level Annotations

Branches:
Dungeon (11/15)            Temple (0/1) D:7
   Lair: D:8-11         Orc: D:9-12

Altars:
Ashenzari
Dithmenos
Elyvilon
Hepliaklqana
Kikubaaqudgha
Okawaru
Trog
Vehumet
Yredelemnul

Shops:
D:6 }!(%%


Innate Abilities, Weirdness & Mutations

You have a beak for a mouth.
You have claws for feet.
You can fly continuously.


Message History

The orc priest hits the fungus with a +0 flail!
The orc priest looks satisfied for a moment.
The scorpion stings the plant but does no damage.
You fly upwards.
There is a stone staircase leading down here.
Aim: an eight-headed hydra The air twists around and strikes the eight-headed hydra!
Aim: an eight-headed hydra (lightly wounded)
The air twists around and strikes the eight-headed hydra!!
Aim: an eight-headed hydra (heavily wounded)
The air twists around and strikes the eight-headed hydra!
You are feeling very hungry.
Aim: an eight-headed hydra (severely wounded)
The air twists around and strikes the eight-headed hydra!
Aim: an eight-headed hydra (almost dead)
The air twists around and strikes the eight-headed hydra!
You kill the eight-headed hydra!
Your Fighting skill increases to level 9!
Your Spellcasting skill increases to level 7!
You start resting.
You are near starving!
You start resting.
There is a stone staircase leading up here.
You can't go down here!
There is a stone staircase leading down here.
You fly downwards.
The orc priest invokes the aid of Beogh against you.
Beogh smites you!
The centaur warrior skeleton closely misses you.
You block the white ugly thing's attack.
The orc closely misses you.
The centaur warrior skeleton hits you but does no damage.
The orc priest calls down the wrath of Beogh upon you.
Beogh smites you!
You hear an angry growl.
There is a stone staircase leading up here.
The centaur warrior skeleton hits you. You block the orc's attack.
The white ugly thing trunk-slaps you!
* * * LOW HITPOINT WARNING * * *
The white ugly thing freezes you!!
* * * LOW HITPOINT WARNING * * *
The orc priest hits the fungus with a +0 flail!
You fly upwards.
There is a stone staircase leading down here.
Okay, then.
You feel much better. The white ugly thing trunk-slaps you!
* * * LOW HITPOINT WARNING * * *
The white ugly thing freezes you!!
Ouch! That really hurt!
You die...

#........# #..# #..# #..
#........# #..# #..# #..
######.......(#####..####..####..
.................................
.................................
######..............#####..#####.
#.......)......# #..# #.
#.....)[[......# #..# #.
#......[...@o..# #..# #.
#...........u..# #..# #.
#..............# #..# #.
######.......†......#####..#####.
.................................
...............<.................
######..####.<####..#######..####
#..# #..# #..# #..# #..# #..#
#..# #..#


You could see a white ugly thing and an orc.

Vanquished Creatures
  A hydra (D:10)
  A manticore (D:7)
  Joseph (D:8)
  A hippogriff (D:10)
  A shadow (D:11)
  A wyvern (D:10)
  A hungry ghost (D:7)
  A water moccasin (D:5)
  3 orc warriors (D:10)
  An ice beast (D:9)
  A black bear (D:9)
  3 sky beasts
  8 ogres
  A phantom (D:9)
  2 centaurs
  A big kobold (D:10)
  3 bullfrogs
  4 scorpions
  3 killer bees (D:10)
  A howler monkey (D:5)
  2 electric eels (D:9)
  A bullfrog zombie (D:10)
  2 centaur zombies
  5 crimson imps
  10 hounds
  A centaur skeleton (D:5)
  8 orc priests
  2 bullfrog skeletons
  5 jellies
  2 iguanas (D:9)
  8 orc wizards
  5 worker ants
  A howler monkey skeleton (D:5)
  12 adders
  4 river rats (D:6)
  3 shadow imps (D:10)
  An ooze (D:1)
  An adder zombie (D:7)
  3 adder skeletons
  3 worms
  2 dart slugs
  4 leopard geckos
  36 orcs
  2 ball pythons
  3 bats
  2 giant cockroaches (D:1)
  5 hobgoblins
  3 jackals (D:4)
  13 kobolds
  6 quokkas
  3 frilled lizards
  3 goblins
  A jackal skeleton (D:4)
  A quokka skeleton (D:7)
  9 rats
211 creatures vanquished.

Notes
Turn   | Place    | Note
-------+----------+-------------------------------------------
     0 | D:1      | growler the Tengu Air Elementalist began the quest for the
                  | Orb.
     0 | D:1      | Reached XP level 1. HP: 10/10 MP: 4/4
   256 | D:1      | Reached XP level 2. HP: 15/15 MP: 3/6
   260 | D:1      | Learned a level 2 spell: Swiftness
   458 | D:1      | Reached XP level 3. HP: 19/19 MP: 7/7
   788 | D:1      | Learned a level 3 spell: Static Discharge
  1681 | D:2      | Reached XP level 4. HP: 22/24 MP: 6/9
  1821 | D:3      | Reached skill level 5 in Air Magic
  2741 | D:4      | Gained mutation: You can fly continuously. [Tengu growth]
  2741 | D:4      | Reached XP level 5. HP: 28/28 MP: 4/10
  3319 | D:4      | Found an ancient bone altar of Kikubaaqudgha.
  3346 | D:4      | Reached skill level 6 in Air Magic
  3346 | D:4      | Reached XP level 6. HP: 25/32 MP: 0/12
  3497 | D:4      | Found a shattered altar of Ashenzari.
  3639 | D:4      | Reached skill level 5 in Conjurations
  3966 | D:4      | Became a worshipper of Ashenzari the Shackled
  4090 | D:4      | Reached XP level 7. HP: 36/36 MP: 8/14
  4096 | D:4      | Learned a level 4 spell: Airstrike
  4194 | D:4      | Found an iron altar of Okawaru.
  4194 | D:4      | Found a bloodstained altar of Trog.
  4372 | D:5      | Entered Level 5 of the Dungeon
  4444 | D:5      | Found a hazy altar of Hepliaklqana.
  4708 | D:5      | Found a basalt altar of Yredelemnul.
  4714 | D:5      | Reached skill level 7 in Air Magic
  5268 | D:5      | Reached XP level 8. HP: 41/41 MP: 7/16
  5273 | D:5      | Reached skill level 5 in Spellcasting
  5289 | D:5      | Learned a level 5 spell: Lightning Bolt
  5443 | D:5      | Reached skill level 8 in Air Magic
  6064 | D:6      | Reached skill level 9 in Air Magic
  6138 | D:6      | Found Nyun's Food Emporium.
  6166 | D:6      | Found Mymm's Food Shop.
  6216 | D:6      | Found Jokev's Distillery.
  6322 | D:6      | Found Qiseck's Gadget Boutique.
  6338 | D:6      | Reached skill level 10 in Air Magic
  6571 | D:6      | Reached skill level 11 in Air Magic
  6684 | D:6      | Reached XP level 9. HP: 45/45 MP: 12/17
  6890 | D:6      | Found Sabimy's Antique Weapon Shoppe.
  7342 | D:7      | Reached skill level 12 in Air Magic
  7342 | D:7      | Reached skill level 1 in Fighting
  7411 | D:7      | Reached * piety under Ashenzari
  7482 | D:7      | Identified the +10 rapier "Titoax" {vorpal, +Blink Str+3
                  | Dex-3 Stlth+}
  7483 | D:7      | Noticed a manticore
  7516 | D:7      | Killed a manticore
  7679 | D:7      | Reached skill level 5 in Fighting
  7680 | D:7      | Found a staircase to the Ecumenical Temple.
  8453 | D:8      | Noticed Joseph
  8468 | D:8      | Killed Joseph
  8869 | D:8      | Reached ** piety under Ashenzari
  9282 | D:9      | Reached XP level 10. HP: 63/63 MP: 13/18
  9605 | D:9      | Found a white marble altar of Elyvilon.
  9614 | D:9      | Found a shadowy altar of Dithmenos.
  9615 | D:9      | Found a radiant altar of Vehumet.
 10127 | D:10     | Entered Level 10 of the Dungeon
 10442 | D:10     | Reached skill level 1 in Shields
 10857 | D:10     | Reached *** piety under Ashenzari
 12121 | D:11     | Noticed a white ugly thing
 12121 | D:11     | Noticed an eight-headed hydra
 12278 | D:10     | Killed an eight-headed hydra
 12411 | D:11     | HP: 3/66 [white ugly thing (25)]
 12414 | D:10     | Annihilated by a white ugly thing

Illustrated notes

Levels and vault maps discovered:
D:1:      minmay_arrival_nine_rooms, layout_loops_ring
D:2:      layout_rooms, first_ration, minivault_25, dk_noncrumbling_2,
          minmay_misc_feat_alley
D:3:      layout_basic
D:4:      layout_gridville, grunt_temple_overflow_bloody_war,
          cheibrodos_ashenzari_chains, kennysheep_mini_moat
D:5:      layout_loops_ring, yredelemnul_altar_generic,
          nicolae_overflow_crystal_walls, mrwooster_statue_mirror
D:6:      layout_cave_pools, serial_shops, shop_fountains, shop,
          nicolae_shop_temple_entry_statues_fountains, kennysheep_little_box,
          shop, portal_sewer_entry_b
D:7:      layout_rooms, minmay_temple_entry_proselytizer,
          lightli_ossuary_entry_decrepit_ruins
D:8:      layout_gridville, uniq_joseph
D:9:      layout_big_octagon, minitemple
D:10:     layout_small_grid
D:11:     layout_long_grid, due_lair_maze_entry_diamond, blue_anna_alchemist
          [blue_anna_fruit_fields, blue_anna_fruit_fields]

Skill      XL: |  1  2  3  4  5  6  7  8  9 10 |
---------------+-------------------------------+-----
Conjurations   | 2 3 4 5 6 7 |  7.0
Air Magic      | 5 6 7 11 12 | 12.0
Spellcasting   | 3 4 5 7 |  7.3
Fighting       | 7 9 |  9.1
Shields        | 3 |  3.0
Dodging        | |  2.1
Stealth        | |  2.0

Action                   |  1- 3 |  4- 6 |  7- 9 | 10-12 || total
-------------------------+-------+-------+-------+-------++-------
Melee: Dagger            |    51 |    97 |    61 |    42 ||   251
       Kick              |    11 |    17 |    23 |    13 ||    64
       Peck              |     7 |     7 |    10 |    11 ||    35
 Cast: Shock             |    32 |    68 |    99 |       ||   199
       Static Discharge  |     1 |    10 |    15 |    17 ||    43
       Airstrike         |       |       |    40 |    68 ||   108
Invok: Curse Item        |       |       |     3 |       ||     3
 Abil: Fly               |       |       |     1 |       ||     1
Evoke: Wand              |       |       |     1 |       ||     1
  Use: Scroll            |       |       |     7 |     5 ||    12
       Potion            |       |       |       |     1 ||     1
 Stab: Sleeping          |       |     2 |     1 |       ||     3
  Eat: Chunk             |     2 |     9 |    17 |    12 ||    40
       Ration            |       |       |     2 |     2 ||     4
Armor: Robe              |    13 |    46 |     3 |       ||    62
       Leather armour    |       |       |    15 |    17 ||    32
Dodge: Dodged            |    29 |   107 |    50 |    78 ||   264
Block: Kite shield       |       |       |       |     4 ||     4
